[ AOE2 MATCH · #464854597 ]
Team RMCelts vs Britons
[ REPLAY ANALYSIS · EXTRACTED FROM THE RECORDED GAME ]
Feudal
15:22
Castle
23:31
Imperial
41:52
| APM avg | 16.3 |
| APM peak | 30 |
| eAPM avg | 10.3 |
| Villagers / military | 76 / 146 |
Focus
⚔️ 32.6% · 🌾 67.4%
Spearman ×90 · Trade Cart ×27 · Mangonel ×13 · Skirmisher ×13 · Knight ×9 · Scorpion ×8
Feudal
14:05
Castle
22:10
Imperial
45:17
| APM avg | 12.4 |
| APM peak | 27 |
| eAPM avg | 9.7 |
| Villagers / military | 133 / 110 |
Focus
⚔️ 25.4% · 🌾 74.6%
Longbowman ×67 · Archer ×37 · Trade Cart ×15 · Knight ×4 · Monk ×1 · Mangonel ×1
Feudal
18:12
Castle
50:46
Imperial
—
| APM avg | 7.6 |
| APM peak | 25 |
| eAPM avg | 5.7 |
| Villagers / military | 51 / 42 |
Focus
⚔️ 28.2% · 🌾 71.8%
Spearman ×31 · Archer ×11 · Trade Cart ×9
Feudal
14:53
Castle
24:52
Imperial
41:35
| APM avg | 15.2 |
| APM peak | 37 |
| eAPM avg | 11.6 |
| Villagers / military | 134 / 234 |
Focus
⚔️ 27.6% · 🌾 72.4%
Monaspa ×132 · Spearman ×97 · Trade Cart ×6 · Trebuchet (Packed) ×5
Match map
Resources at game start + every placement click. Thick line = wall · dashed box = detected house wall. 🟡 gold · ⚪ stone · 🟢 berries · 🔶 boar · ⭕ relic
Terrain with elevation shading (NW light: bright = NW-facing slope) · ⚠ = wall gap detected
Inputs per minute
— Cruzcerro3 - - kEstrOLO
Build order — Cruzcerro3
First 150 of 257 actions detected
| 0:01 | Create | Villager (Male) |
| 0:02 | Create | Villager (Male) |
| 0:02 | Create | Villager (Male) |
| 0:04 | Build | House |
| 0:05 | Build | House |
| 1:24 | Research | Loom |
| 1:24 | Create | Villager (Male) |
| 1:48 | Build | Palisade Wall |
| 1:51 | Build | Palisade Wall |
| 3:43 | Build | Palisade Wall |
| 3:48 | Build | Palisade Wall |
| 3:53 | Build | Lumber Camp |
| 4:01 | Create | Villager (Male) |
| 4:01 | Create | Villager (Male) |
| 4:01 | Create | Villager (Male) |
| 4:28 | Create | Villager (Male) |
| 5:28 | Create | Villager (Male) |
| 5:55 | Create | Villager (Male) |
| 6:28 | Create | Villager (Male) |
| 6:55 | Create | Villager (Male) |
| 6:58 | Build | Mill |
| 7:42 | Create | Villager (Male) |
| 8:11 | Build | House |
| 8:31 | Create | Villager (Male) ×2 |
| 9:06 | Create | Villager (Male) |
| 9:07 | Create | Villager (Male) |
| 9:18 | Build | House |
| 9:59 | Create | Villager (Male) ×2 |
| 10:29 | Create | Villager (Male) ×2 |
| 10:51 | Create | Villager (Male) |
| 11:09 | Build | Lumber Camp |
| 12:04 | Create | Villager (Male) ×5 |
| 12:35 | Build | Mining Camp |
| 13:09 | Build | House |
| 13:12 | Research | Feudal Age |
| 13:15 | Build | Mining Camp |
| 13:49 | Create | Villager (Male) ×2 |
| 14:51 | Create | Villager (Male) ×5 |
| 15:21 | Build | Farm |
| 15:22 | Build | Farm |
| 15:22 | Age | Feudal Age |
| 15:22 | Build | Farm |
| 15:23 | Build | Farm |
| 15:24 | Build | Farm |
| 15:24 | Build | Farm |
| 16:17 | Build | Stone Wall |
| 16:20 | Build | Stone Wall |
| 16:23 | Build | Stone Wall |
| 16:47 | Build | House |
| 16:51 | Build | House |
| 18:39 | Create | Villager (Male) ×5 |
| 19:26 | Build | Market |
| 19:33 | Build | Blacksmith |
| 19:45 | Research | Double-Bit Axe |
| 19:53 | Build | Mill |
| 20:36 | Research | Horse Collar |
| 20:51 | Research | Castle Age |
| 21:14 | Create | Villager (Male) ×5 |
| 22:09 | Build | Barracks |
| 23:05 | Build | Farm |
| 23:05 | Build | Farm |
| 23:06 | Build | Farm |
| 23:06 | Build | Farm |
| 23:26 | Build | Stable |
| 23:31 | Age | Castle Age |
| 23:34 | Build | Archery Range |
| 23:37 | Create | Spearman ×5 |
| 23:39 | Research | Pikeman (upgrade) |
| 23:40 | Research | Gambesons |
| 23:47 | Build | Siege Workshop |
| 24:13 | Build | Monastery |
| 24:51 | Build | Town Center |
| 25:05 | Create | Knight ×4 |
| 25:11 | Research | Husbandry |
| 25:42 | Build | House |
| 25:42 | Build | House |
| 25:43 | Build | House |
| 25:44 | Build | House |
| 25:44 | Build | House |
| 25:44 | Build | House |
| 25:44 | Build | House |
| 25:44 | Build | House |
| 25:44 | Build | House |
| 25:45 | Build | House |
| 25:45 | Build | House |
| 26:03 | Create | Knight ×5 |
| 26:07 | Create | Spearman ×5 |
| 26:24 | Create | Battering Ram |
| 26:36 | Research | Bow Saw |
| 26:39 | Build | Mining Camp |
| 26:43 | Research | Forging |
| 26:46 | Research | Scale Barding Armor |
| 27:39 | Create | Monk |
| 27:48 | Create | Villager (Male) |
| 27:48 | Create | Villager (Male) |
| 27:48 | Create | Villager (Male) |
| 27:49 | Create | Villager (Male) |
| 27:54 | Build | Farm |
| 27:55 | Build | Farm |
| 27:55 | Build | Farm |
| 27:56 | Build | Farm |
| 27:57 | Build | Farm |
| 28:02 | Build | Lumber Camp |
| 28:52 | Create | Mangonel |
| 28:54 | Create | Battering Ram |
| 29:36 | Research | Heavy Plow |
| 29:39 | Research | Gold Mining |
| 29:39 | Research | Stone Mining |
| 29:42 | Create | Villager (Male) |
| 29:42 | Create | Villager (Male) |
| 29:42 | Create | Villager (Male) |
| 31:58 | Create | Mangonel |
| 32:01 | Create | Scorpion |
| 32:01 | Create | Scorpion |
| 32:12 | Build | Castle |
| 33:45 | Research | Caravan |
| 33:46 | Create | Trade Cart ×5 |
| 33:46 | Create | Trade Cart ×5 |
| 33:46 | Create | Trade Cart ×2 |
| 34:35 | Research | Fletching |
| 34:36 | Research | Padded Archer Armor |
| 35:36 | Build | Lumber Camp |
| 35:40 | Create | Villager (Male) |
| 35:41 | Create | Villager (Male) |
| 35:41 | Create | Villager (Male) |
| 35:42 | Create | Villager (Male) |
| 35:42 | Create | Villager (Male) |
| 35:43 | Create | Villager (Male) |
| 35:43 | Create | Villager (Male) |
| 35:43 | Create | Villager (Male) |
| 35:54 | Build | Town Center |
| 36:06 | Build | Mining Camp |
| 37:18 | Create | Villager (Male) |
| 37:19 | Create | Villager (Male) |
| 37:19 | Create | Villager (Male) |
| 37:33 | Build | Mining Camp |
| 38:42 | Research | Imperial Age |
| 38:42 | Research | Town Watch |
| 38:43 | Research | Wheelbarrow |
| 38:51 | Build | University |
| 38:53 | Research | Gold Shaft Mining |
| 38:54 | Research | Stone Shaft Mining |
| 39:00 | Create | Villager (Male) |
| 39:00 | Create | Villager (Male) |
| 39:01 | Create | Villager (Male) |
| 39:01 | Create | Villager (Male) |
| 39:06 | Build | Farm |
| 39:06 | Build | Farm |
| 39:13 | Build | Farm |
| 39:14 | Build | Farm |
Build order — kEstrOLO
First 150 of 324 actions detected
| 0:10 | Research | Loom |
| 0:18 | Build | House |
| 0:19 | Build | House |
| 0:20 | Build | House |
| 0:35 | Create | Villager (Male) ×4 |
| 1:05 | Build | Palisade Wall |
| 2:15 | Build | Palisade Wall |
| 3:17 | Create | Villager (Male) ×2 |
| 3:37 | Create | Villager (Male) |
| 4:05 | Create | Villager (Male) |
| 4:39 | Create | Villager (Male) |
| 4:39 | Create | Villager (Male) |
| 5:30 | Build | Lumber Camp |
| 5:35 | Create | Villager (Male) |
| 5:35 | Create | Villager (Male) |
| 6:09 | Build | Palisade Wall |
| 6:21 | Create | Villager (Male) ×2 |
| 6:44 | Create | Villager (Male) |
| 7:15 | Build | Lumber Camp |
| 7:32 | Build | Mining Camp |
| 7:35 | Create | Villager (Male) ×2 |
| 8:26 | Build | Mill |
| 9:08 | Build | Lumber Camp |
| 9:42 | Create | Villager (Male) |
| 10:15 | Build | House |
| 10:16 | Build | House |
| 11:55 | Research | Feudal Age |
| 12:14 | Build | Mining Camp |
| 12:19 | Build | Barracks |
| 12:25 | Create | Villager (Male) |
| 14:04 | Create | Villager (Male) |
| 14:05 | Age | Feudal Age |
| 14:21 | Build | Stone Wall |
| 15:28 | Build | Blacksmith |
| 16:22 | Build | Market |
| 16:47 | Build | Stone Wall |
| 17:06 | Create | Villager (Male) |
| 17:06 | Create | Villager (Male) |
| 17:06 | Create | Villager (Male) |
| 17:28 | Build | Stable |
| 17:33 | Build | Archery Range |
| 18:37 | Build | Mill |
| 19:02 | Build | Stone Wall |
| 19:06 | Build | Building 673 |
| 19:20 | Build | Stone Wall |
| 19:24 | Build | Building 665 |
| 19:30 | Research | Castle Age |
| 20:42 | Create | Villager (Male) |
| 20:55 | Build | Farm |
| 20:57 | Build | Farm |
| 20:58 | Build | Farm |
| 20:59 | Build | Farm |
| 21:00 | Build | Farm |
| 21:02 | Build | Farm |
| 21:04 | Build | Farm |
| 21:05 | Build | Farm |
| 21:13 | Research | Double-Bit Axe |
| 21:34 | Build | Stone Wall |
| 21:46 | Build | Building 665 |
| 22:10 | Age | Castle Age |
| 22:15 | Build | Town Center |
| 22:44 | Create | Knight |
| 22:45 | Create | Knight |
| 22:49 | Create | Archer |
| 22:49 | Create | Archer |
| 23:01 | Create | Villager (Male) |
| 23:01 | Create | Villager (Male) |
| 23:48 | Build | Stone Wall |
| 23:58 | Build | Siege Workshop |
| 24:05 | Create | Archer |
| 24:14 | Create | Villager (Male) ×5 |
| 24:32 | Build | House |
| 24:32 | Build | House |
| 24:35 | Research | Fletching |
| 24:36 | Research | Scale Barding Armor |
| 25:25 | Create | Archer |
| 25:34 | Research | Wheelbarrow |
| 26:01 | Build | Stone Wall |
| 26:24 | Create | Villager (Male) ×5 |
| 26:31 | Build | House |
| 26:33 | Build | House |
| 26:40 | Research | Horse Collar |
| 26:53 | Research | Crossbowman (upgrade) |
| 27:06 | Build | Building 490 |
| 27:39 | Create | Villager (Male) ×4 |
| 28:10 | Create | Villager (Male) ×2 |
| 28:23 | Build | Town Center |
| 28:28 | Create | Villager (Male) |
| 28:28 | Create | Villager (Male) |
| 28:37 | Build | Monastery |
| 28:46 | Create | Knight |
| 29:07 | Build | University |
| 29:12 | Create | Villager (Male) |
| 29:12 | Create | Villager (Male) |
| 29:27 | Build | House |
| 29:28 | Build | House |
| 29:31 | Create | Monk |
| 30:11 | Create | Villager (Male) |
| 30:18 | Research | Fortified Wall (upgrade) |
| 30:31 | Create | Villager (Male) ×3 |
| 30:50 | Create | Archer |
| 30:51 | Create | Archer |
| 30:51 | Create | Archer |
| 31:10 | Create | Villager (Male) ×4 |
| 31:25 | Build | Farm |
| 31:27 | Build | Farm |
| 31:28 | Build | Farm |
| 31:30 | Build | Farm |
| 31:32 | Build | Farm |
| 31:43 | Build | Farm |
| 32:08 | Create | Knight |
| 32:23 | Create | Villager (Male) ×4 |
| 32:32 | Build | Farm |
| 32:33 | Build | Farm |
| 32:34 | Build | Farm |
| 32:37 | Build | Farm |
| 32:43 | Build | Farm |
| 32:47 | Build | Mill |
| 32:58 | Build | Farm |
| 33:06 | Create | Villager (Male) ×5 |
| 33:21 | Build | House |
| 33:22 | Build | House |
| 33:23 | Build | House |
| 33:28 | Create | Villager (Male) |
| 33:39 | Build | Siege Workshop |
| 33:58 | Research | Bodkin Arrow |
| 33:59 | Research | Padded Archer Armor |
| 34:06 | Create | Villager (Male) |
| 34:06 | Create | Villager (Male) |
| 34:25 | Create | Mangonel |
| 34:31 | Build | Stone Wall |
| 34:36 | Build | Building 673 |
| 34:54 | Build | Farm |
| 34:55 | Build | Farm |
| 34:56 | Build | Farm |
| 34:57 | Build | Farm |
| 34:58 | Build | Farm |
| 34:59 | Build | Farm |
| 35:03 | Build | Mill |
| 35:09 | Create | Villager (Male) ×5 |
| 35:15 | Create | Villager (Male) ×5 |
| 35:21 | Build | House |
| 35:22 | Build | House |
| 35:33 | Create | Villager (Male) |
| 35:45 | Research | Heavy Plow |
| 35:59 | Build | Mining Camp |
| 36:05 | Research | Bow Saw |
| 36:16 | Create | Villager (Male) ×2 |
| 36:41 | Build | Stone Wall |
| 36:45 | Build | Building 490 |
Build order — ngarofano
First 150 of 174 actions detected
| 0:23 | Create | Villager (Male) |
| 0:23 | Create | Villager (Male) |
| 0:23 | Create | Villager (Male) |
| 0:23 | Create | Villager (Male) |
| 0:40 | Build | Palisade Wall |
| 0:50 | Build | Palisade Wall |
| 0:59 | Build | Palisade Wall |
| 1:07 | Build | Palisade Wall |
| 1:13 | Build | Palisade Wall |
| 1:21 | Build | Palisade Wall |
| 1:31 | Build | Palisade Wall |
| 3:44 | Build | House |
| 3:45 | Build | House |
| 3:52 | Create | Villager (Male) |
| 3:52 | Create | Villager (Male) |
| 4:46 | Build | Palisade Wall |
| 4:58 | Build | Palisade Wall |
| 5:29 | Build | Mining Camp |
| 5:53 | Build | Palisade Wall |
| 6:48 | Research | Loom |
| 6:50 | Create | Villager (Male) |
| 6:50 | Create | Villager (Male) |
| 7:04 | Build | Palisade Wall |
| 7:16 | Build | Palisade Wall |
| 9:01 | Create | Villager (Male) |
| 9:02 | Create | Villager (Male) |
| 9:02 | Create | Villager (Male) |
| 9:39 | Build | Mill |
| 10:39 | Create | Villager (Male) |
| 10:40 | Create | Villager (Male) |
| 11:48 | Create | Villager (Male) |
| 11:49 | Create | Villager (Male) |
| 11:49 | Create | Villager (Male) |
| 11:50 | Create | Villager (Male) |
| 11:50 | Create | Villager (Male) |
| 13:06 | Build | House |
| 13:07 | Build | House |
| 13:10 | Build | House |
| 13:11 | Build | House |
| 13:15 | Build | House |
| 13:17 | Build | House |
| 14:09 | Build | Lumber Camp |
| 15:18 | Build | Mining Camp |
| 16:02 | Research | Feudal Age |
| 17:20 | Build | Barracks |
| 17:46 | Create | Villager (Male) |
| 17:47 | Create | Villager (Male) |
| 17:48 | Create | Villager (Male) |
| 17:53 | Create | Villager (Male) |
| 18:12 | Age | Feudal Age |
| 18:36 | Research | Horse Collar |
| 19:05 | Build | Stone Wall |
| 19:16 | Build | Stone Wall |
| 19:53 | Create | Villager (Male) |
| 19:53 | Create | Villager (Male) |
| 19:54 | Create | Villager (Male) |
| 20:46 | Build | Mill |
| 21:31 | Build | Watch Tower |
| 21:33 | Build | Watch Tower |
| 22:21 | Build | Mining Camp |
| 22:33 | Create | Villager (Male) |
| 22:33 | Create | Villager (Male) |
| 22:33 | Create | Villager (Male) |
| 22:37 | Research | Wheelbarrow |
| 22:39 | Create | Villager (Male) |
| 22:39 | Create | Villager (Male) |
| 23:21 | Build | Watch Tower |
| 23:22 | Build | Watch Tower |
| 23:23 | Build | Watch Tower |
| 23:26 | Build | Watch Tower |
| 23:28 | Build | Watch Tower |
| 23:58 | Research | Stone Mining |
| 24:06 | Build | Blacksmith |
| 24:36 | Build | Market |
| 25:33 | Create | Spearman |
| 25:33 | Create | Spearman |
| 25:33 | Create | Spearman |
| 25:34 | Create | Spearman |
| 25:35 | Create | Spearman |
| 25:35 | Create | Spearman |
| 25:35 | Create | Spearman |
| 25:35 | Create | Spearman |
| 25:35 | Create | Spearman |
| 25:36 | Create | Spearman |
| 25:37 | Create | Spearman |
| 29:44 | Research | Arson |
| 29:45 | Create | Spearman |
| 29:45 | Create | Spearman |
| 29:45 | Create | Spearman |
| 31:40 | Build | Farm |
| 31:50 | Build | Farm |
| 34:45 | Create | Villager (Male) |
| 34:45 | Create | Villager (Male) |
| 34:54 | Build | Farm |
| 35:08 | Build | Watch Tower |
| 35:49 | Create | Trade Cart |
| 36:57 | Create | Villager (Male) |
| 36:57 | Create | Villager (Male) |
| 37:06 | Create | Trade Cart |
| 37:08 | Create | Trade Cart |
| 37:58 | Create | Villager (Male) |
| 38:20 | Create | Villager (Male) |
| 39:21 | Create | Villager (Male) |
| 39:23 | Create | Villager (Male) |
| 39:30 | Create | Trade Cart |
| 39:34 | Create | Trade Cart |
| 40:31 | Build | Farm |
| 41:07 | Create | Villager (Male) |
| 41:07 | Create | Villager (Male) |
| 41:08 | Create | Villager (Male) |
| 41:08 | Create | Villager (Male) |
| 41:09 | Create | Villager (Male) |
| 41:09 | Create | Villager (Male) |
| 41:11 | Create | Villager (Male) |
| 41:32 | Create | Trade Cart |
| 41:33 | Create | Trade Cart |
| 41:43 | Research | Double-Bit Axe |
| 43:00 | Create | Villager (Male) |
| 43:01 | Create | Villager (Male) |
| 43:02 | Create | Villager (Male) |
| 43:31 | Build | Archery Range |
| 43:48 | Build | House |
| 43:51 | Build | House |
| 43:53 | Build | House |
| 45:09 | Build | Farm |
| 45:30 | Build | Farm |
| 45:32 | Build | Farm |
| 45:35 | Build | Farm |
| 45:39 | Build | Farm |
| 45:40 | Build | Farm |
| 47:09 | Build | Farm |
| 47:38 | Build | Farm |
| 48:06 | Research | Castle Age |
| 48:17 | Create | Villager (Male) |
| 48:18 | Create | Villager (Male) |
| 48:20 | Create | Villager (Male) |
| 49:40 | Create | Archer |
| 49:40 | Create | Archer |
| 49:40 | Create | Archer |
| 49:40 | Create | Archer |
| 49:41 | Create | Archer |
| 49:41 | Create | Archer |
| 49:42 | Create | Archer |
| 49:43 | Create | Archer |
| 49:44 | Create | Archer |
| 49:44 | Create | Archer |
| 49:46 | Create | Archer |
| 49:51 | Research | Forging |
| 50:13 | Create | Trade Cart |
| 50:13 | Create | Trade Cart |
Build order — ElDorno
First 150 of 378 actions detected
| 0:12 | Build | House |
| 0:19 | Create | Villager (Male) |
| 0:19 | Create | Villager (Male) |
| 0:19 | Create | Villager (Male) |
| 0:21 | Research | Loom |
| 0:43 | Create | Villager (Male) |
| 0:43 | Create | Villager (Male) |
| 0:44 | Create | Villager (Male) |
| 1:39 | Build | House |
| 2:17 | Create | Villager (Male) |
| 2:17 | Create | Villager (Male) |
| 2:17 | Create | Villager (Male) |
| 2:43 | Create | Villager (Male) |
| 3:25 | Build | House |
| 3:37 | Build | House |
| 3:41 | Build | House |
| 3:46 | Create | Villager (Male) |
| 3:46 | Create | Villager (Male) |
| 3:46 | Create | Villager (Male) |
| 4:14 | Create | Villager (Male) |
| 4:22 | Build | Mill |
| 4:30 | Create | Villager (Male) |
| 5:55 | Create | Villager (Male) |
| 5:55 | Create | Villager (Male) |
| 6:02 | Create | Villager (Male) |
| 6:03 | Create | Villager (Male) |
| 6:03 | Create | Villager (Male) |
| 6:44 | Build | Building 796 |
| 7:01 | Build | Palisade Wall |
| 7:08 | Build | Building 796 |
| 7:13 | Create | Villager (Male) |
| 7:14 | Create | Villager (Male) |
| 7:36 | Create | Villager (Male) |
| 7:36 | Create | Villager (Male) |
| 8:21 | Create | Villager (Male) |
| 9:00 | Create | Villager (Male) |
| 9:00 | Create | Villager (Male) |
| 9:28 | Build | House |
| 9:36 | Build | House |
| 9:49 | Build | House |
| 10:00 | Build | House |
| 10:03 | Build | House |
| 10:09 | Build | House |
| 10:10 | Build | House |
| 10:13 | Create | Villager (Male) |
| 10:14 | Create | Villager (Male) |
| 10:14 | Create | Villager (Male) |
| 10:16 | Create | Villager (Male) |
| 10:32 | Create | Villager (Male) |
| 10:32 | Create | Villager (Male) |
| 10:45 | Build | Mule Cart |
| 11:56 | Build | Farm |
| 11:57 | Build | Farm |
| 11:58 | Build | Farm |
| 11:59 | Build | Farm |
| 12:20 | Research | Feudal Age |
| 12:29 | Build | Farm |
| 13:01 | Build | Farm |
| 13:23 | Create | Villager (Male) |
| 13:47 | Create | Villager (Male) |
| 14:05 | Build | Farm |
| 14:07 | Build | Farm |
| 14:08 | Build | Farm |
| 14:53 | Age | Feudal Age |
| 14:56 | Research | Double-Bit Axe |
| 14:59 | Research | Horse Collar |
| 15:04 | Research | Gold Mining |
| 15:11 | Create | Villager (Male) |
| 15:11 | Create | Villager (Male) |
| 15:37 | Build | Watch Tower |
| 15:42 | Create | Villager (Male) |
| 15:50 | Build | Farm |
| 16:00 | Build | Farm |
| 16:07 | Create | Villager (Male) |
| 16:32 | Build | Farm |
| 16:40 | Build | Farm |
| 18:02 | Create | Villager (Male) |
| 18:02 | Create | Villager (Male) |
| 18:03 | Create | Villager (Male) |
| 18:04 | Create | Villager (Male) |
| 18:04 | Create | Villager (Male) |
| 18:05 | Create | Villager (Male) |
| 18:11 | Create | Villager (Male) |
| 18:31 | Create | Villager (Male) |
| 18:32 | Create | Villager (Male) |
| 18:38 | Build | Farm |
| 18:40 | Build | Farm |
| 18:57 | Build | Farm |
| 19:01 | Build | Farm |
| 19:25 | Create | Villager (Male) |
| 19:25 | Create | Villager (Male) |
| 19:49 | Build | Farm |
| 20:04 | Build | Farm |
| 20:13 | Create | Villager (Male) |
| 20:14 | Create | Villager (Male) |
| 20:16 | Research | Stone Mining |
| 20:42 | Build | Market |
| 21:03 | Build | Market |
| 21:09 | Build | Blacksmith |
| 21:16 | Create | Villager (Male) |
| 21:17 | Create | Villager (Male) |
| 21:17 | Create | Villager (Male) |
| 21:27 | Create | Villager (Male) |
| 21:28 | Create | Villager (Male) |
| 21:50 | Create | Villager (Male) |
| 21:51 | Create | Villager (Male) |
| 22:08 | Research | Castle Age |
| 22:18 | Build | House |
| 22:33 | Build | House |
| 22:34 | Build | House |
| 22:36 | Build | House |
| 22:37 | Build | House |
| 22:39 | Build | House |
| 22:41 | Build | House |
| 22:44 | Build | House |
| 22:47 | Build | House |
| 22:48 | Build | House |
| 22:49 | Build | House |
| 22:52 | Build | House |
| 22:53 | Build | House |
| 22:54 | Build | House |
| 22:55 | Build | House |
| 22:56 | Build | House |
| 23:07 | Create | Villager (Male) |
| 23:08 | Create | Villager (Male) |
| 23:09 | Create | Villager (Male) |
| 23:52 | Build | Barracks |
| 23:59 | Build | Barracks |
| 24:31 | Create | Villager (Male) |
| 24:31 | Create | Villager (Male) |
| 24:52 | Age | Castle Age |
| 24:55 | Create | Villager (Male) |
| 24:55 | Create | Villager (Male) |
| 24:58 | Research | Bow Saw |
| 25:03 | Research | Stone Shaft Mining |
| 25:05 | Research | Heavy Plow |
| 25:39 | Build | Town Center |
| 25:49 | Create | Villager (Male) |
| 25:49 | Create | Villager (Male) |
| 25:50 | Create | Villager (Male) |
| 25:50 | Create | Villager (Male) |
| 26:07 | Build | Town Center |
| 26:46 | Build | Town Center |
| 26:59 | Create | Villager (Male) |
| 26:59 | Create | Villager (Male) |
| 26:59 | Create | Villager (Male) |
| 27:00 | Create | Villager (Male) |
| 27:00 | Create | Villager (Male) |
| 27:01 | Create | Villager (Male) |
| 27:01 | Create | Villager (Male) |
Match timeline
| 0:40 | ngarofano · wall_segment Palisade Wall x1 |
| 0:50 | ngarofano · wall_segment Palisade Wall x1 |
| 0:59 | ngarofano · wall_segment Palisade Wall x1 |
| 1:05 | kEstrOLO · wall_segment Palisade Wall x10 |
| 1:07 | ngarofano · wall_segment Palisade Wall x1 |
| 1:13 | ngarofano · wall_segment Palisade Wall x1 |
| 1:21 | ngarofano · wall_segment Palisade Wall x1 |
| 1:31 | ngarofano · wall_segment Palisade Wall x1 |
| 1:48 | Cruzcerro3 · wall_segment Palisade Wall x8 |
| 1:51 | Cruzcerro3 · wall_segment Palisade Wall x7 |
| 2:15 | kEstrOLO · wall_segment Palisade Wall x7 |
| 3:43 | Cruzcerro3 · wall_segment Palisade Wall x1 |
| 3:48 | Cruzcerro3 · wall_segment Palisade Wall x1 |
| 4:46 | ngarofano · wall_segment Palisade Wall x1 |
| 4:58 | ngarofano · wall_segment Palisade Wall x6 |
| 5:53 | ngarofano · wall_segment Palisade Wall x1 |
| 6:09 | kEstrOLO · wall_segment Palisade Wall x7 |
| 7:01 | ElDorno · wall_segment Palisade Wall x10 |
| 7:04 | ngarofano · wall_segment Palisade Wall x1 |
| 7:16 | ngarofano · wall_segment Palisade Wall x8 |
| 12:19 | kEstrOLO · first_building Barracks |
| 14:05 | kEstrOLO · age_up feudal |
| 14:21 | kEstrOLO · wall_segment Stone Wall x12 |
| 14:53 | ElDorno · age_up feudal |
| 15:22 | Cruzcerro3 · age_up feudal |
| 16:17 | Cruzcerro3 · wall_segment Stone Wall x5 |
| 16:20 | Cruzcerro3 · wall_segment Stone Wall x3 |
| 16:23 | Cruzcerro3 · wall_segment Stone Wall x7 |
| 16:47 | kEstrOLO · wall_segment Stone Wall x12 |
| 17:20 | ngarofano · first_building Barracks |
| 17:28 | kEstrOLO · first_building Stable |
| 17:33 | kEstrOLO · first_building Archery Range |
| 18:12 | ngarofano · age_up feudal |
| 19:02 | kEstrOLO · wall_segment Stone Wall x10 |
| 19:05 | ngarofano · wall_segment Stone Wall x1 |
| 19:16 | ngarofano · wall_segment Stone Wall x10 |
| 19:20 | kEstrOLO · wall_segment Stone Wall x10 |
| 21:34 | kEstrOLO · wall_segment Stone Wall x8 |
| 22:09 | Cruzcerro3 · first_building Barracks |
| 22:10 | kEstrOLO · age_up castle |
| 23:26 | Cruzcerro3 · first_building Stable |
| 23:31 | Cruzcerro3 · age_up castle |
| 23:34 | Cruzcerro3 · first_building Archery Range |
| 23:47 | Cruzcerro3 · first_building Siege Workshop |
| 23:48 | kEstrOLO · wall_segment Stone Wall x8 |
| 23:52 | ElDorno · first_building Barracks |
| 23:58 | kEstrOLO · first_building Siege Workshop |
| 24:13 | Cruzcerro3 · first_building Monastery |
| 24:52 | ElDorno · age_up castle |
| 26:01 | kEstrOLO · wall_segment Stone Wall x9 |
| 28:03 | ElDorno · first_building Castle |
| 28:37 | kEstrOLO · first_building Monastery |
| 29:14 | ElDorno · wall_segment Stone Wall x23 |
| 32:12 | Cruzcerro3 · first_building Castle |
| 33:22 | ElDorno · wall_segment Stone Wall x15 |
| 34:31 | kEstrOLO · wall_segment Stone Wall x11 |
| 36:41 | kEstrOLO · wall_segment Stone Wall x10 |
| 38:40 | kEstrOLO · first_building Castle |
| 40:48 | kEstrOLO · wall_segment Stone Wall x11 |
| 41:35 | ElDorno · age_up imperial |
| 41:52 | Cruzcerro3 · age_up imperial |
| 43:31 | ngarofano · first_building Archery Range |
| 43:47 | kEstrOLO · wall_segment Stone Wall x7 |
| 44:50 | kEstrOLO · wall_segment Stone Wall x9 |
| 45:17 | kEstrOLO · age_up imperial |
| 45:22 | Cruzcerro3 · wall_segment Stone Wall x11 |
| 45:59 | kEstrOLO · wall_segment Stone Wall x13 |
| 46:14 | kEstrOLO · wall_segment Stone Wall x10 |
| 48:29 | kEstrOLO · wall_segment Stone Wall x16 |
| 49:56 | kEstrOLO · wall_segment Stone Wall x6 |
| 50:03 | kEstrOLO · wall_segment Stone Wall x6 |
| 50:46 | ngarofano · age_up castle |
| 51:54 | ngarofano · first_building Siege Workshop |
| 51:56 | kEstrOLO · wall_segment Stone Wall x9 |
| 53:15 | kEstrOLO · wall_segment Stone Wall x9 |
| 53:50 | Cruzcerro3 · wall_segment Stone Wall x10 |
| 54:00 | kEstrOLO · wall_segment Stone Wall x3 |
| 57:47 | ngarofano · resign |
[ AI ANALYSIS · 1 CREDIT ]
What really happened in this match?
Wolo.gg analyzes every decision: build order, eco, micro, common mistakes by bracket. Personalized analysis on WhatsApp or Discord in 30 seconds.
Civ guide
Celts
Map guide
Black Forest
Perfil
Cruzcerro3